 Dungeon Crawl Stone Soup version 0.32-a0-705-g60f233581c (webtiles) character file.

Game seed: 4070084068452758581

10601 cforsyth the Cleaver (level 11, -10/97 HPs)
             Began as a Mountain Dwarf Cinder Acolyte on Mar 14, 2024.
             Was a High Priest of Ignis.
             Killed from afar by a gargoyle (13 damage)
             ... with a stone arrow
             ... on level 11 of the Dungeon.
             The game lasted 00:21:20 (14655 turns).

cforsyth the Cleaver (MDCA)                        Turns: 14655, Time: 00:21:21

Health: -10/97     AC: 17    Str: 19    XL:     11   Next: 38%
Magic:  29/29      EV:  5    Int: 17    God:    Ignis [*****.]
Gold:   478        SH:  0    Dex:  5    Spells: 21/23 levels left

rFire   + . .        z - +2 battleaxe (freeze)
rCold   . . .        (shield currently unavailable)
rNeg    . . .        H - +0 plate armour
rPois   +            K - +0 helmet
rElec   .            I - +1 cloak
rCorr   .            (no gloves)
SInv    .            (no boots)
Will    +....        (no amulet) Stlth
                     M - ring of magical power
HPRegen 0.36/turn    P - ring of poison resistance
MPRegen 0.21/turn

%: no passive effects
@: no status effects
A: runic magic, artefact enchanting
a: Renounce Religion, Fiery Armour, Foxfire Swarm, Rising Flame


You were on level 11 of the Dungeon.
You worshipped Ignis.
Ignis was extremely pleased with you.
You visited 1 branch of the dungeon, and saw 11 of its levels.

You collected 562 gold pieces.
You spent 84 gold pieces at shops.


Innate Abilities, Weirdness & Mutations

Your spellcasting is much less encumbered by armour.
You can use scrolls of enchantment on lesser artefacts.


   Skills:
 + Level 9.3 Fighting
 + Level 10.2 Axes
 + Level 8.6 Armour
 + Level 4.4 Shields
 + Level 6.5 Spellcasting
 + Level 10.1 Fire Magic


You had 21 spell levels left.
You knew the following spells:

 Your Spells              Type           Power      Damage    Failure   Level
X - Scorch                Fire           80%        2d8       1%          2

Your spell library contained the following spells:

 Spells                   Type           Power      Damage    Failure   Level
 Inner Flame              Hex/Fire       22%        N/A       10%         3
 Flame Wave               Conj/Fire      22%        2d8       32%         4
 Sticky Flame             Fire/Alch      22%        2d6       32%         4
 Ensorcelled Hibernation  Hex/Ice        10%        N/A       36%         2
 Passwall                 Erth           5%         N/A       61%         3
 Swiftness                Air            5%         N/A       61%         3
 Fireball                 Conj/Fire      11%        3d7       65%         5
 Cause Fear               Hex            2%         N/A       95%         4
 Dragon's Call            Summ           2%         N/A       100%        9

Inventory:

Hand Weapons
 x - a +0 war axe
 z - a +2 battleaxe of freezing (weapon)
Armour
 G - a +0 kite shield
 H - a +0 plate armour (worn)
 I - a +1 cloak (worn)
 K - a +0 helmet (worn)
Jewellery
 a - an amulet of magic regeneration
 D - a +6 ring of dexterity
 F - a ring of protection from fire
 M - a ring of magical power (left hand)
 P - a ring of poison resistance (right hand)
 Z - a ring of wizardry
Wands
 q - a wand of acid (12)
 w - a wand of mindburst (9)
Scrolls
 b - a scroll of vulnerability
 c - 3 scrolls of poison
 d - 2 scrolls of enchant armour {unknown}
 g - 3 scrolls of fear {unknown}
 h - a scroll of torment {unknown}
 i - a scroll of fog
 j - 2 scrolls of immolation {unknown}
 n - a scroll of butterflies {unknown}
 r - 2 scrolls of noise {unknown}
 t - 2 scrolls of blinking {unknown}
 u - 8 scrolls of identify {unknown}
 v - a scroll of enchant weapon {unknown}
 y - a scroll of silence {unknown}
 C - 2 scrolls of amnesia {unknown}
 E - 2 scrolls of revelation {unknown}
 J - a scroll of teleportation {unknown}
Potions
 e - 3 potions of heal wounds {unknown}
 f - 4 potions of enlightenment {unknown}
 k - 2 potions of haste {unknown}
 l - a potion of brilliance {unknown}
 m - 4 potions of degeneration
 o - a potion of attraction {unknown}
 p - 2 potions of invisibility {unknown}
 s - 3 potions of mutation {unknown}
 A - a potion of curing {unknown}
 B - a potion of lignification {unknown}
 L - a potion of berserk rage {!q}

Dungeon Overview and Level Annotations

Branches:
Dungeon (11/15)            Temple (0/1) D:6            Lair (0/5) D:8
    Orc: D:9-12

Altars:
Sif Muna
Vehumet
The Shining One
Beogh

Shops:
D:3 (   D:9 !

Annotations:
D:4 2 runed translucent doors, 0gre's ghost, novice DsHs

#################
........$........
#................
#................
#.......<@9......
#................
#...>............
#......<.........
#................
#................
#................
#................
#...............


You could see a gargoyle.


Message History

The gargoyle hurls a stone arrow at you.
The stone arrow hits you!
You hit the gargoyle. You freeze the gargoyle.
The gargoyle is severely damaged.
The gargoyle hits you but does no damage.
You hit the gargoyle but do no damage.
The gargoyle is severely damaged.
The gargoyle hits you with a +0 morningstar.
The gargoyle hurls a stone arrow at you.
The stone arrow hits you!!
* * * LOW HITPOINT WARNING * * *
You barely miss the gargoyle.
The gargoyle is severely damaged.
The gargoyle hurls a stone arrow at you.
The stone arrow hits you!!
* * * LOW HITPOINT WARNING * * *
You hit the gargoyle. You freeze the gargoyle.
The gargoyle is severely damaged.
The gargoyle hurls a stone arrow at you.
The stone arrow hits you!
* * * LOW HITPOINT WARNING * * *
Aiming: Corrosive Bolt
Press: ? - help, Shift-Dir - straight line, f - gargoyle
Aim: a gargoyle, wielding a +0 morningstar (severely damaged, 86% to hit)
The bolt of acid hits the gargoyle but does no damage.
The gargoyle is severely damaged.
The gargoyle hurls a stone arrow at you.
The stone arrow hits you!
You die...
Ignis goes out, and joins you in death.

Skill      XL: |  1  2  3  4  5  6  7  8  9 10 11 |
---------------+----------------------------------+-----
Armour         | 1 2 3 4 5 6 8 |  8.6
Fire Magic     | 4 5 6 7 8 9 10 | 10.1
Axes           | 4 5 6 7 8 9 10 | 10.2
Fighting       | 4 5 6 7 8 9 |  9.3
Spellcasting   | 2 3 4 5 6 |  6.5
Shields        | 3 4 |  4.4

Action                     |  1- 3 |  4- 6 |  7- 9 | 10-12 || total
---------------------------+-------+-------+-------+-------++-------
  Melee: Hand axe          |   109 |    13 |    46 |       ||   168
         Battleaxe         |       |       |    13 |   162 ||   175
   Cast: Scorch            |    28 |    64 |   215 |   122 ||   429
  Evoke: Wand              |       |       |     2 |     8 ||    10
    Use: Scroll            |       |     3 |       |       ||     3
 Armour: Robe              |    59 |       |       |       ||    59
         Chain mail        |    24 |    32 |   181 |    33 ||   270
         Plate armour      |       |       |       |   239 ||   239
  Dodge: Dodged            |    72 |    10 |    60 |    65 ||   207

Levels and vault maps discovered:
D:1:      mainiacjoe_arrival_reflecting_pool, layout_loops_cross,
          basic_ecumenical_altar, st_stairs_3
D:2:      layout_basic
D:3:      layout_loops_ring, mainiacjoe_overflow_catwalk_spiral, serial_shops,
          nicolae_shop_overgrown_old_shop
D:4:      layout_cave_pools, ebering_ghost_disaster_area, kennysheep_potato
D:5:      layout_basic
D:6:      layout_loops_ring, minmay_temple_entry_tees, serial_bayou_pond_e,
          minmay_fire_ice_demons
D:7:      layout_gridville
D:8:      layout_basic, due_lair_maze_entry_diamond
D:9:      layout_cave_pools, serial_rivers, chequers_serial_rivers_micro_e,
          chequers_serial_rivers_micro_e, chequers_serial_rivers_room_a,
          chequers_serial_rivers_micro_d, chequers_serial_rivers_micro_c,
          serial_shops, shop, lightli_church_of_beogh
D:10:     layout_loops_ring, tso_altar
D:11:     layout_long_grid, kennysheep_orc_monster_closet_entryway, uniq_psyche

Notes
Turn   | Place    | Note
-------+----------+-------------------------------------------
     0 | D:1      | cforsyth the Mountain Dwarf Cinder Acolyte began the quest
                  | for the Orb.
     0 | D:1      | Reached XP level 1. HP: 19/19 MP: 2/2
   233 | D:1      | Reached XP level 2. HP: 22/26 MP: 3/3
   402 | D:1      | Learned a level 2 spell: Scorch
   407 | D:1      | Found a faded altar of an unknown god.
   889 | D:2      | Reached skill level 1 in Armour
   930 | D:2      | Reached XP level 3. HP: 31/31 MP: 0/5
   992 | D:2      | Reached skill level 4 in Fire Magic
  1112 | D:2      | Reached skill level 4 in Axes
  2220 | D:3      | Found a shimmering blue altar of Sif Muna.
  2223 | D:3      | Reached XP level 4. HP: 40/40 MP: 1/6
  2783 | D:3      | Found a radiant altar of Vehumet.
  3146 | D:3      | Noticed a phantom
  3173 | D:3      | Killed a phantom
  3174 | D:3      | Reached skill level 4 in Fighting
  3174 | D:3      | Reached skill level 2 in Armour
  3174 | D:3      | Reached skill level 2 in Spellcasting
  3174 | D:3      | Reached XP level 5. HP: 43/46 MP: 0/8
  3277 | D:3      | Identified the +0 robe of the Lich-sworn {rF+ Str+3 Int-3
                  | Stlth+}
  3437 | D:3      | Reached XP level 6. HP: 53/53 MP: 0/9
  3598 | D:3      | Found Haust's Antique Weapon Boutique.
  3920 | D:4      | Reached skill level 5 in Fire Magic
  4146 | D:4      | Reached skill level 5 in Axes
  4324 | D:4      | Found a large runed translucent door.
  4325 | D:4      | Found a large runed translucent door.
  4336 | D:4      | Reached skill level 3 in Armour
  4368 | D:4      | Identified the +3 sling of Excruciating Pain {freeze, rPois
                  | Str+3}
  4460 | D:4      | Noticed 0gre's ghost (novice DsHs)
  4499 | D:5      | Entered Level 5 of the Dungeon
  4650 | D:4      | Identified the +1 scale mail of the Zebra {+Blink Fly}
  4755 | D:5      | Noticed an ice beast
  4770 | D:4      | Killed an ice beast
  4771 | D:4      | Reached XP level 7. HP: 57/60 MP: 4/11
  4994 | D:5      | Reached skill level 5 in Fighting
  5043 | D:5      | Reached skill level 3 in Spellcasting
  5720 | D:5      | Reached skill level 4 in Armour
  5907 | D:5      | Reached skill level 6 in Fire Magic
  6108 | D:6      | Reached skill level 6 in Axes
  6108 | D:6      | Reached XP level 8. HP: 67/69 MP: 8/13
  6584 | D:6      | Reached skill level 6 in Fighting
  6714 | D:6      | Reached skill level 5 in Armour
  6714 | D:6      | Reached skill level 4 in Spellcasting
  7186 | D:6      | Reached skill level 7 in Fire Magic
  7276 | D:6      | Reached skill level 7 in Axes
  7277 | D:6      | Identified the +6 dagger of Spite {freeze, ^Fragile rC+
                  | rN++ rCorr}
  7524 | D:6      | Found a staircase to the Ecumenical Temple.
  7900 | D:7      | You fall into a shaft and drop 1 floor!
  7937 | D:8      | Reached XP level 9. HP: 78/78 MP: 15/15
  8363 | D:8      | Reached skill level 6 in Armour
  8471 | D:7      | Reached skill level 7 in Fighting
  8916 | D:7      | Reached skill level 8 in Axes
  8916 | D:7      | Reached skill level 8 in Fire Magic
  8919 | D:7      | Reached skill level 5 in Spellcasting
 10221 | D:8      | Found a staircase to the Lair.
 10240 | D:8      | Reached XP level 10. HP: 86/88 MP: 11/18
 10367 | D:7      | Reached skill level 7 in Armour
 10875 | D:9      | Reached skill level 8 in Fighting
 11054 | D:9      | Identified the +10 quarterstaff of Vengeance {pain, Int+4}
 11109 | D:9      | Noticed an orc knight
 11576 | D:9      | Reached skill level 9 in Axes
 11576 | D:9      | Reached skill level 1 in Shields
 11576 | D:9      | Reached skill level 9 in Fire Magic
 11719 | D:9      | Noticed an orc knight
 12058 | D:9      | Found a roughly hewn altar of Beogh.
 12148 | D:9      | Found Jicoh's Distillery.
 12158 | D:9      | Bought a potion of degeneration for 14 gold pieces
 12158 | D:9      | Bought a potion of berserk rage for 70 gold pieces
 12290 | D:9      | Killed an orc knight
 12291 | D:9      | Reached skill level 2 in Shields
 12301 | D:9      | Killed an orc knight
 12313 | D:9      | Reached skill level 6 in Spellcasting
 12701 | D:9      | Reached skill level 3 in Shields
 12751 | D:9      | Reached skill level 8 in Armour
 12801 | D:10     | Entered Level 10 of the Dungeon
 13092 | D:10     | Reached XP level 11. HP: 95/95 MP: 20/20
 13106 | D:10     | Reached skill level 9 in Fighting
 13554 | D:10     | Reached skill level 10 in Axes
 13560 | D:10     | Reached skill level 4 in Shields
 13573 | D:10     | Reached skill level 10 in Fire Magic
 14034 | D:10     | Noticed a two-headed ogre
 14049 | D:10     | Killed a two-headed ogre
 14410 | D:10     | Found a glowing golden altar of the Shining One.
 14654 | D:11     | HP: 3/97 [gargoyle/stone arrow (13)]
 14655 | D:11     | Killed from afar by a gargoyle

Vanquished Creatures
  A two-headed ogre (D:10)
  2 orc knights (D:9)
  2 trolls
  21 yaks
  A wraith (D:8)
  A wyvern (D:9)
  A steam dragon (D:9)
  5 vampire mosquitoes
  3 water moccasins
  2 orc warriors
  A black bear (D:6)
  4 ice beasts
  4 centaurs
  A phantom (D:3)
  9 bullfrogs
  3 kobold brigands
  6 scorpions
  A gnoll sergeant (D:8)
  13 wights (D:8)
  3 killer bees (D:8)
  3 howler monkeys
  A crimson imp (D:6)
  3 hounds
  5 jellies
  A bombardier beetle (D:5)
  7 orc priests
  A gnoll bouda (D:6)
  7 iguanas
  7 orc wizards
  13 gnolls
  8 adders
  A shadow imp (D:5)
  2 white imps (D:6)
  2 ufetubi (D:5)
  A dart slug (D:3)
  2 ribbon worms
  43 orcs
  6 ball pythons
  6 endoplasms
  3 giant cockroaches
  6 goblins
  7 hobgoblins
  4 jackals
  27 kobolds
  6 quokkas
  12 bats
  2 frilled lizards
  6 rats
276 creatures vanquished.

Table legend: (Time is in decaauts)
 A = Elapsed time spent in this place.
 B = Non-inter-level travel time spent in this place.
 C = Inter-level travel time spent in this place.
 D = Time resting spent in this place.
 E = Time spent auto-exploring this place.
 F = Levels seen in this place.
 G = Mean time per level.
                   A        B        C        D        E       F      G
               +--------+--------+--------+--------+--------+-----+--------+
         Total |  14717 |  14478 |    239 |   1932 |  10302 |  11 | 1337.9 |
       Dungeon |  14717 |  14478 |    239 |   1932 |  10302 |  11 | 1337.9 |
               +--------+--------+--------+--------+--------+-----+--------+

Top non-repeatable levels by time:
     D:8: 2711 daAuts
    D:10: 1860 daAuts
     D:2: 1645 daAuts
     D:6: 1510 daAuts
     D:7: 1497 daAuts
     D:5: 1392 daAuts
     D:3: 1386 daAuts
     D:9: 936 daAuts
     D:1: 889 daAuts
     D:4: 867 daAuts
    D:11: 19 daAuts

Table legend:
 A = Non-vault XP
 B = Vault XP
 C = Vault XP percentage of total XP
 D = Non-vault monster count
 E = Vault monster count
 F = Vault count percentage of total count
                 A         B        C        D         E       F
            +---------+---------+-------+---------+---------+-------
      Total |   12754 |    2391 |  15.8 |     239 |      37 |  13.4
            +---------+---------+-------+---------+---------+-------
        D:1 |      25 |       4 |  13.8 |      15 |       3 |  16.7
        D:2 |      67 |       0 |   0.0 |      32 |       0 |   0.0
        D:3 |     317 |       0 |   0.0 |      26 |       0 |   0.0
        D:4 |     248 |      43 |  14.8 |       8 |       1 |  11.1
        D:5 |     541 |       0 |   0.0 |      18 |       0 |   0.0
        D:6 |    1308 |      58 |   4.2 |      29 |       2 |   6.5
        D:7 |    1314 |     145 |   9.9 |      23 |       1 |   4.2
        D:8 |    2185 |     666 |  23.4 |      35 |       7 |  16.7
        D:9 |    1542 |    1475 |  48.9 |      18 |      23 |  56.1
       D:10 |    5207 |       0 |   0.0 |      35 |       0 |   0.0
            +---------+---------+-------+---------+---------+-------
